AoeStats
← santi12341234pi

Migration

510175533Analyzed
1v1 RM · 3d ago on Sep 29, 2026· 34m 28s· 2 players
Game mode
Random Map
Map size
132×132
Population
200
Speed
Normal
Resources
Standard
Victory
Conquest
Starting age
Dark Age
Ending age
Imperial Age
RankedLock teamsTeams togetherTeam positionsShared explorationLock speedFull tech treeHidden civsTurbo modeCheats
Victory
Defeat
🇺🇸 Varangians · United States
898
+17
🇨🇷 Sicilians · Costa Rica
911
-48
IcePaladin
2:56 Loom
10:57 Feudal Age
11:42 Double-Bit Axe
11:42 Fishing Lines
12:38 Town Watch
16:03 Man-at-Arms
17:49 Horse Collar
21:39 Castle Age
20:04 Scale Mail Armor
20:16 Forging
20:41 Gold Mining
23:16 Iron Casting
22:32 Fletching
23:30 Wheelbarrow
23:08 Squires
23:18 Arson
24:47 Stone Mining
25:26 Chain Mail Armor
25:40 Husbandry
27:57 Medium Warships
28:28 Stone Shaft Mining
29:35 Scale Barding Armor
31:03 Chain Barding Armor
31:18 Careening
31:29 Ballistics
33:35 Bow Saw
santi12341234pi
6:49 Loom
13:30 Feudal Age
14:31 Fishing Lines
14:54 Horse Collar
24:32 Castle Age
23:35 Scale Mail Armor
23:46 Forging
24:58 Wheelbarrow
25:29 Double-Bit Axe
25:19 Pikeman
25:45 Gambesons
27:08 Elite Skirmisher
29:02 Medium Warships
Connection lost

Rejoining the realm…

Still unreachable

The connection could not be restored.

Session expired

The server has moved on; the page needs a fresh start.